 BcadrenCrawl: Boulder Brew version 0.03.2.1-27-g9e5655d (webtiles) character file.

Game seed: 10715256730803448522, levelgen mode: deterministic

21 Kalegnar the Gusty (level 2, 0/3 HPs) Fairy Air Elementalist. Began on Jan 13, 2021. Killed from afar by a dart slug (1 damage) ... with a dart ... on level 1 of the Dungeon. The game lasted 00:00:34 (46 turns).

Kalegnar the Gusty (Fairy Air Elementalist)           Turns: 46, Time: 00:00:34

Health: 0/3        AC:  0    Str:  2    XL:     2 ^: 11
Magic:  3/3        EV:  8    Int: 17    God:
Gold:   0          SH:  0    Dex: 17    Spells: 5/6 levels left

rFire    . . .     Vision   .   (no jewelry)
rCold    . . .     Gourm    .
rNeg     . . .     Faith    .
rPois    .         Spirit   .
rElec    .         Reflect  .
rCorr    .         Harm     .
MR       .....
Stlth    +.........
HPRegen  0.11/turn
MPRegen  0.13/turn

@: flying, glowing, slow
A: tiny, no armour or weapons, only one jewelry slot, no melee attacks, fairy
magic, fairy shield, fairy light, decreased potion and divine healing, slowness
1, able to fly, insubstantial
a: Stop Flying


You were on level 1 of the Dungeon.
You were not hungry.

You visited 1 branch of the dungeon, and saw 1 of its levels.

Inventory:

Comestibles
 b - a ration


   Skills:
 + Level 3.3 Dodging
 - Level 1.4 Stealth
 + Level 2.9 Spellcasting
 + Level 3.3 Air Magic


You had 5 spell levels left.
You knew the following spells:

 Your Spells              Type           Power        Failure   Level  Hunger
a - Shock                 Air            13 (25)      4%          1    None

Your spell library contained the following spells:

 Spells                   Type           Power        Failure   Level  Hunger
 Static Discharge         Air            13 (100)     13%         3    ###....
 Swiftness                Chrm/Air       8 (100)      14%         2    ##.....
 Airstrike                Air            13 (200)     41%         4    ####...
 Lightning Bolt           Air            13 (200)     77%         5    ######.


Dungeon Overview and Level Annotations

Branches:
Dungeon (1/8)

Altars:


Innate Abilities, Weirdness & Mutations

You are too small to use any gear.
You can wear a single ring or amulet completely around your body.
You are incapable of melee of any kind.
Your magic reserves are extremely low but spells that normally cost one mana are free and all other spells cost one mana.
You are extremely frail but all attacks that strike you do exactly one damage.
You exude a bright light in a small radius around yourself.
The effect of potions and godly healing effects is reduced to match your tiny health and magic reserves.
You cover ground slowly.
You can fly continuously.
Your insubstantial form boosts your evasion and grants immunity to sticky flames, nets and constriction.


Message History

Casting: Shock (safe; 4% risk of failure)
Confirm with . or Enter, or press ? or * to list all spells.
Aiming: Shock (safe; 4% risk of failure)
Press: ? - help, Shift-Dir - straight line The zap misses the leopard gecko.
The zap hits the leopard gecko (3).
The leopard gecko is heavily wounded. (3/6) HP The leopard gecko bites you (2).
Casting: Shock (safe; 4% risk of failure)
Confirm with . or Enter, or press ? or * to list all spells.
Aiming: Shock (safe; 4% risk of failure)
Press: ? - help, Shift-Dir - straight line The zap misses the leopard gecko.
The zap hits the leopard gecko (3).
You kill the leopard gecko!
Your Dodging skill increases to level 3!
The zap hits the giant cockroach (5).
You kill the giant cockroach!
You have reached level 2!
The dart slug spits out a magical stone dart at you.
The dart hits you (6).
You die...

#+# . #.# ...##
##'##
..?...######...###
......†w†'††.<.'.+
..)...######@..###
...## ##'## . #.#
#+#


You could see a dart slug.

Vanquished Creatures
  A giant cockroach (D:1)
  A leopard gecko (D:1)
  3 bats (D:1)
  A goblin (D:1)
6 creatures vanquished.

Notes
Turn   | Place    | Note
-------+----------+-------------------------------------------
     0 | D:1      | Kalegnar the Fairy Air Elementalist began the quest for the
                  | Orb.
     0 | D:1      | Reached XP level 1. HP: 3/3 MP: 3/3
    46 | D:1      | Reached XP level 2. HP: 1/3 MP: 3/3
    46 | D:1      | Killed from afar by a dart slug

Levels and vault maps discovered:
D:1:      minmay_arrival_doors, layout_loops_ring, gup_sewer_entry_bowl

Skill      XL: |  1 |
---------------+----+-----
Dodging        | 3 |  3.3
Stealth        | |  1.4
Spellcasting   | |  2.9
Air Magic      | |  3.3

Action                   || total
-------------------------++-------
 Cast: Shock             ||     8
 Abil: Fly               ||     1
Dodge: Dodged            ||     1
